 Dungeon Crawl Stone Soup version 0.21.0-37-g46506fa5f3 (webtiles) character file.

529 Jannitor the Skirmisher (level 7, -13/58 HPs)
             Began as a Mummy Chaos Knight on Jan 31, 2018.
             Mangled by Duvessa
             ... wielding a +0 rapier of flaming
              (17 damage)
             ... on level 5 of the Dungeon.
             The game lasted 00:08:29 (3868 turns).

Jannitor the Skirmisher (Mummy Chaos Knight)        Turns: 3868, Time: 00:08:29

Health: -13/58     AC:  5    Str: 18    XL:     7   Next: 3%
Magic:  7/7        EV: 13    Int: 11    God:    Xom [.*....]
Gold:   57         SH:  0    Dex: 11    Spells: 6/6 levels left

rFire    x . .     SeeInvis .   a - +3 mace (chaos)
rCold    + . .     Gourm    .   (no shield)
rNeg     + + +     Faith    .   b - +2 leather armour
rPois    ∞         Spirit   .   (no helmet)
rElec    .         Reflect  .   (no cloak)
rCorr    .         Harm     .   (no gloves)
MR       .....                  (no boots)
Stlth    ..........             (no amulet)
HPRegen  0.19/turn              m - +2 ring of evasion
MPRegen  0.10/turn              l - ring of loudness (curse)

@: no status effects
A: no food or potions, fire vulnerability, cold resistance 1, negative energy
resistance 3, torment resistance, unbreathing
a: Renounce Religion


You were on level 5 of the Dungeon.
You worshipped Xom.
You were a plaything of Xom.
You were not hungry.

You visited 2 branches of the dungeon, and saw 6 of its levels.

You collected 183 gold pieces.
You spent 126 gold pieces at shops.

Inventory:

Hand Weapons
 a - a +3 mace of chaos (weapon)
 c - a +2 battleaxe of chopping
Armour
 b - a +2 leather armour (worn)
Jewellery
 d - an uncursed ring of wizardry
 l - a cursed ring of loudness (right hand)
 m - a +2 ring of evasion (left hand)
Scrolls
 e - a scroll of magic mapping
 f - a scroll of identify
 h - a scroll of remove curse


   Skills:
 + Level 6.0 Fighting
 + Level 5.0 Maces & Flails
 - Level 1.5 Armour
 - Level 0.7 Dodging


You had 6 spell levels left.
You didn't know any spells.

Dungeon Overview and Level Annotations

Branches:
Dungeon (5/15)             Temple (1/1) D:5

Altars:
Cheibriados
Nemelex Xobeh
The Shining One

Shops:
D:4 *%

Annotations:
D:4 gothmog's ghost, amateur MiFi
D:5 Dowan; Duvessa; Grinder


Innate Abilities, Weirdness & Mutations

You do not eat or drink.
Your flesh is vulnerable to fire.
You are immune to poison.
Your flesh is cold resistant. (rC+)
You are immune to negative energy. (rN+++)
You are immune to unholy pain and torment.
You can survive without breathing.


Message History

A puff of flame appears from out of thin air!
The puff of flame hits you! The fire burns you terribly!
Xom thinks this is hilarious!
* * * LOW HITPOINT WARNING * * *
Unknown command.
Unknown command.
Okay, then.
Unknown command.
You hit something.
Duvessa hits you with a rapier of flaming.
* * * LOW HITPOINT WARNING * * *
Duvessa burns you.
* * * LOW HITPOINT WARNING * * *
Grinder blinks!
Something hits you but does no damage. Duvessa hits you but does no damage.
You hit something.
Dowan says, "Stay away from my face!"
Duvessa hits you with a rapier of flaming!
You die...
Xom guffaws!

∆ .
....##########################
...oo.§..ooee@............>...
....##############.###........ ∆
. ∆#.....# #.............
#######.##.# #..#%.......<.
........##.#######..#.8.8.8.#'#
........'...........#..⌠.⌠..#.#
....%...##..........#.8)>.8.#.#
........##########..#..).⌠..#.#
##########.........#..#.8.8.8...#


You could see Duvessa, Dowan and 2 orcs.

Vanquished Creatures
  Menkaure (Temple)
  A phantom (D:5)
  2 hounds
  An orc priest (D:5)
  A bullfrog skeleton (D:5)
  An orc wizard (Temple)
  2 adders (D:4)
  A shadow imp (D:5)
  2 oozes
  An adder skeleton (D:2)
  7 leopard geckos
  6 orcs
  3 ball pythons
  4 bats
  5 giant cockroaches
  5 goblins
  8 hobgoblins
  7 jackals
  A quokka (D:5)
  2 frilled lizards
  6 kobolds
67 creatures vanquished.

Vanquished Creatures (collateral kills)
  A phantom (D:4)
  2 orcs (D:4)
3 creatures vanquished.

Vanquished Creatures (others)
  An adder skeleton (D:4)
1 creature vanquished.

Grand Total: 71 creatures vanquished

Notes
Turn   | Place    | Note
-------+----------+-------------------------------------------
     0 | D:1      | Jannitor the Mummy Chaos Knight began the quest for the Orb.
     0 | D:1      | Reached XP level 1. HP: 18/18 MP: 1/1
    19 | D:1      | XOM: potion effect (haste)
   118 | D:1      | XOM: potion effect (haste)
   122 | D:1      | Reached XP level 2. HP: 24/24 MP: 2/2
   140 | D:1      | XOM: divination: magic mapping
   334 | D:1      | XOM: harmless Air miscast
   359 | D:1      | Reached XP level 3. HP: 28/29 MP: 3/3
   691 | D:2      | Found a glowing golden altar of the Shining One.
  1260 | D:3      | XOM: 3-stop teleportation journey
  1313 | D:3      | XOM: chaos cloud
  1324 | D:3      | Reached skill level 4 in Fighting
  1558 | D:3      | Found a sparkling altar of Nemelex Xobeh.
  1577 | D:3      | XOM: mild Fire miscast
  1901 | D:3      | Reached XP level 4. HP: 37/37 MP: 4/4
  1906 | D:3      | XOM: summons 2 hostile demons
  1907 | D:3      | Noticed an orange demon
  1926 | D:4      | Found Vaifaosm's Assorted Antiques.
  1928 | D:4      | XOM: enchant monster (bad)
  1930 | D:4      | XOM: stat loss: -1 Dex (10/11)
  1933 | D:4      | Noticed a phantom
  1948 | D:4      | Killed a phantom
  1948 | D:4      | Reached XP level 5. HP: 42/43 MP: 5/5
  1964 | D:4      | Bought a runed coral ring for 105 gold pieces
  1964 | D:4      | Bought a scroll labeled HATUFFYE ZADAPT for 21 gold pieces
  1984 | D:4      | Found Umup's Food Boutique.
  2198 | D:5      | Entered Level 5 of the Dungeon
  2269 | D:5      | XOM: harmless Necr miscast
  2278 | D:5      | Noticed a phantom
  2279 | D:5      | XOM: divination: detect items
  2283 | D:5      | XOM: swap monsters
  2286 | D:5      | Noticed Dowan
  2301 | D:5      | Found a staircase to the Ecumenical Temple.
  2306 | Temple   | Entered the Ecumenical Temple
  2506 | Temple   | XOM: silly message
  2561 | D:5      | Noticed Menkaure
  2823 | Temple   | XOM: summons 2 hostile demons
  2829 | D:5      | XOM: butterfly on damage
  2830 | D:5      | HP: 1/43 [Menkaure (8)]
  3097 | D:4      | XOM: noise
  3113 | D:4      | Noticed gothmog's ghost (amateur MiFi)
  3115 | D:5      | XOM: divination: detect items
  3125 | Temple   | Killed Menkaure
  3125 | Temple   | Reached skill level 5 in Fighting
  3125 | Temple   | Reached XP level 6. HP: 28/51 MP: 6/6
  3156 | Temple   | XOM: god gift: glowing battleaxe {god gift}
  3231 | Temple   | XOM: god gift: 54 gold pieces
  3266 | D:5      | XOM: confusion (+ monsters)
  3278 | D:5      | XOM: cast spell 'Disjunction'
  3518 | Temple   | XOM is BORED!
  3518 | Temple   | XOM: mild Necr miscast
  3600 | D:5      | XOM: harmless Tloc miscast
  3724 | D:5      | XOM: polymorph crimson imp -> shadow imp
  3731 | D:5      | Reached skill level 6 in Fighting
  3732 | D:5      | XOM: medium Tloc miscast
  3852 | D:5      | Noticed Grinder
  3854 | D:5      | Noticed Duvessa
  3857 | D:5      | Reached skill level 5 in Maces & Flails
  3857 | D:5      | Reached XP level 7. HP: 53/58 MP: 7/7
  3863 | D:5      | XOM: blink monster(s)
  3868 | D:5      | Mangled by Duvessa

Skill      XL: |  1  2  3  4  5  6 |
---------------+-------------------+-----
Maces & Flails | 3 4 5 |  5.0
Fighting       | 4 5 6 |  6.0
Armour         | |  1.5
Dodging        | |  0.7

Action                   |  1- 3 |  4- 6 |  7- 9 || total
-------------------------+-------+-------+-------++-------
Melee: Mace              |   133 |   107 |     5 ||   245
  Use: Scroll            |       |    12 |       ||    12
 Stab: Confused          |     1 |     1 |       ||     2
Armor: Leather armour    |    53 |    32 |     5 ||    90
Dodge: Dodged            |   109 |    88 |     3 ||   200
